 Dungeon Crawl Stone Soup version 0.23-a0-480-g1869896 (webtiles) character file.

14358 Firecrotchwizard the Grappler (level 11, 0/97 HPs)
             Began as a Troll Fighter on Nov 28, 2018.
             Was a High Priest of Okawaru.
             Slain by a six-headed hydra (10 damage)
             ... on level 3 of the Lair of Beasts on Nov 29, 2018.
             The game lasted 00:31:04 (12409 turns).

Firecrotchwizard the Grappler (Troll Fighter)      Turns: 12409, Time: 00:31:04

Health: 0/97       AC: 11    Str: 26    XL:     11   Next: 87%
Magic:  14/15      EV: 14    Int:  7    God:    Okawaru [*****.]
Gold:   881        SH: 13    Dex:  9    Spells: 10/10 levels left

rFire    . . .     SeeInvis +     - Unarmed
rCold    + . .     Gourm    +   b - +0 shield
rNeg     . . .     Faith    +   O - +1 robe {rC+}
rPois    .         Spirit   .   E - +2 hat
rElec    .         Reflect  .   r - +2 cloak
rCorr    .         Harm     .   (gloves unavailable)
MR       .....                  (boots unavailable)
Stlth    +++.......             l - amulet of faith {Faith, !P}
HPRegen  0.66/turn              D - +1 ring of evasion
MPRegen  0.14/turn              z - ring of see invisible {sInv, !d}

@: heroism
A: large, unfitting armour, claws 3, fast metabolism 3, gourmand, regeneration
1, shaggy fur 1, tough skin 2
a: Heroism, Finesse, Renounce Religion


You were on level 3 of the Lair of Beasts.
You worshipped Okawaru.
Okawaru was extremely pleased with you.
You were completely stuffed.

You visited 3 branches of the dungeon, and saw 14 of its levels.

You collected 881 gold pieces.

Inventory:

Hand Weapons
 R - a +0 blowgun
   (You found it on level 2 of the Lair of Beasts)
Missiles
 f - 7 curare-tipped needles
 s - 3 throwing nets {=f, !d}
 x - 4 large rocks (quivered) {!d}
 Q - 6 needles of sleeping
Armour
 a - a +0 robe
 b - a +0 shield (worn)
 r - a +2 cloak (worn)
   (You found it on level 2 of the Dungeon)
 E - a +2 hat (worn)
   (You found it on level 1 of the Lair of Beasts)
 O - a +1 robe of cold resistance (worn)
   (You took it off Fannar on level 1 of the Lair of Beasts)
Magical Staves
 N - an uncursed staff of cold {rC+}
   (You took it off Fannar on level 1 of the Lair of Beasts)
Jewellery
 i - a +3 ring of dexterity
   (You found it on level 6 of the Dungeon)
 l - an amulet of faith (around neck) {Faith, !P}
   (You found it on level 1 of the Dungeon)
 o - an uncursed ring of magical power {MP+9}
   (You found it on level 1 of the Dungeon)
 z - a ring of see invisible (right claw) {sInv, !d}
   (You found it on level 8 of the Dungeon)
 C - a +3 ring of intelligence
   (You found it on level 4 of the Dungeon)
 D - a +1 ring of evasion (left claw)
   (You found it on level 4 of the Dungeon)
 J - an uncursed amulet of rage {unknown}
   (You found it on level 10 of the Dungeon)
Wands
 p - a wand of clouds (3)
   (You found it on level 7 of the Dungeon)
 t - a wand of disintegration (35)
   (You found it on level 7 of the Dungeon)
 v - a wand of paralysis (12)
   (You found it on level 5 of the Dungeon)
 y - a wand of digging (6)
   (You found it on level 3 of the Dungeon)
 I - a wand of flame (27)
   (You found it on level 9 of the Dungeon)
Scrolls
 g - 9 scrolls of remove curse
 j - 2 scrolls of enchant weapon
 q - 4 scrolls of teleportation
 w - a scroll of identify
 B - 2 scrolls of magic mapping {!r}
 G - a scroll of blinking {!r}
 L - 2 scrolls of fog
 M - 2 scrolls of fear
Potions
 c - 4 potions of might
 e - 2 potions of ambrosia
 h - 9 potions of curing
 k - 3 potions of lignification {unknown}
 m - 2 potions of flight {unknown}
 u - 3 potions of cancellation {unknown}
 A - 2 potions of agility
 F - 2 potions of magic
 H - a potion of degeneration {unknown}
 P - a potion of haste {unknown}
Miscellaneous
 n - a crystal ball of energy
   (You found it on level 1 of the Lair of Beasts)
 K - a box of beasts
Comestibles
 d - 21 rations
 S - 3 chunks of flesh {@w0}


   Skills:
 - Level 3.0(8.0) Fighting
 - Level 5.0(10.0) Throwing
 - Level 2.4(7.4) Dodging
 - Level 10.0(15.0) Shields
 - Level 12.3(17.3) Unarmed Combat
 + Level 6.9 Invocations


You had 10 spell levels left.
You didn't know any spells.
Your spell library contained the following spells:

 Spells                   Type           Power        Failure   Level  Hunger
 Confusing Touch          Hex            #.....       43%         1    ##.....
 Corona                   Hex            #......      43%         1    ##.....
 Magic Dart               Conj           #...         43%         1    ##.....
 Sandblast                Erth           #.....       43%         1    ##.....
 Blink                    Tloc           N/A          56%         2    ###....
 Call Imp                 Summ           #.......     56%         2    ###....
 Ensorcelled Hibernation  Hex/Ice        #.....       56%         2    ###....
 Passwall                 Tmut/Erth      #.......     56%         2    ###....
 Slow                     Hex            #.......     56%         2    ###....
 Confuse                  Hex            #.......     80%         3    ####...
 Conjure Flame            Conj/Fire      #.......     80%         3    ####...
 Dazzling Spray           Conj/Hex       #.....       80%         3    ####...
 Gell's Gravitas          Tloc           #.........   80%         3    ####...
 Mephitic Cloud           Conj/Pois/Air  #.......     80%         3    ####...
 Stone Arrow              Conj/Erth      #.....       80%         3    ####...
 Tukima's Dance           Hex            #.......     80%         3    ####...
 Petrify                  Tmut/Erth      #.......     99%         4    #####..
 Lee's Rapid Deconstruct  Erth           #.........   100%        5    ######.
 Metabolic Englaciation   Hex/Ice        #.........   100%        5    ######.
 Yara's Violent Unravell  Hex/Tmut       #.........   100%        5    ######.


Dungeon Overview and Level Annotations

Branches:
Dungeon (10/15)            Temple (1/1) D:4            Lair (3/6) D:9
 Shoals (0/4) Lair:3       Spider (0/4) Lair:3          Orc (0/2) D:9

Altars:
Ashenzari
Cheibriados
Dithmenos
Elyvilon
Fedhas
Gozag
Hepliaklqana
Kikubaaqudgha
Makhleb
Nemelex Xobeh
Okawaru
Qazlal
Ru
Sif Muna
Trog
Uskayaw
Vehumet
Wu Jian
Xom
Yredelemnul
Zin
The Shining One
Jiyva
Lugonu

Shops:
D:7 }   D:8 (

Annotations:
D:7 2 transporters
D:8 3 runed doors, exclusion: jelly, russianmonk1111's ghost, novice OgHu
D:9 exclusion: orange crystal statue


Innate Abilities, Weirdness & Mutations

You are too large for most types of armour.
You have claws for hands.
Your metabolism is lightning-fast.
You like to eat raw meat.
Your natural rate of healing is unusually fast.
You are covered in fur. (AC +1)
You have very tough skin. (AC +2)


Message History

You kill the blink frog!
Okawaru accepts your kill.
S - 14 chunks of flesh {@w0} (gained 1)
You eviscerate the blink frog!!!
You kill the blink frog!
Okawaru accepts your kill.
You see here a blink frog corpse.
You butcher the blink frog corpse.
S - 17 chunks of flesh {@w0} (gained 3)
You see here a blink frog skeleton.
You start resting.
You feel like a meek peon again.
You regained 2 hp, and now have 65/97 hp.
Okay, then.
You start resting.
Eating one of 17 chunks of flesh {@w0}.
You eat one of the 17 chunks of flesh {@w0}.
This raw flesh tastes great.
Some of the chunks of flesh in your inventory have rotted away.
Health restored: 97; MP restored: 15 Some of the chunks of flesh in your inventory have rotted away.
Found an escape hatch in the floor.
Found a stone staircase leading up.
You found a teleport trap!
A yak comes into view.
The yak bellows!
A yak comes into view.
The yak bellows!
There is a stone staircase leading up here.
You mangle the yak!! You block the yak's attack.
You mangle the yak!!
You kill the yak!
Okawaru accepts your kill. The yak gores you but does no damage.
You mangle the yak!! The yak gores you.
You take 3 damage, and have 94/97 hp.
You claw the yak! You barely miss the yak. The yak barely misses you.
You mangle the yak!!
You kill the yak!
Okawaru accepts your kill.
Eating one of 4 chunks of flesh {@w0}.
You eat one of the 4 chunks of flesh {@w0}.
This raw flesh tastes great.
There is a stone staircase leading up here.
f - 7 curare-tipped needles (gained 4) Health restored: 97 A six-headed hydra comes into view.
You gain the combat prowess of a mighty hero.
You now have 13/15 mp.
Throwing (i - inventory)
x - 8 large rocks (quivered)
{!d}
Aim: a six-headed hydra You throw a large rock {!d}.
The large rock {!d} hits the six-headed hydra!!
The six-headed hydra closely misses you.
The six-headed hydra bites you! x2
You block the six-headed hydra's attack.
The six-headed hydra bites you but does no damage.
The six-headed hydra bites you.
You take 26 damage, and have 71/97 hp.
MASSIVE DAMAGE!!
Throwing (i - inventory)
x - 7 large rocks (quivered)
{!d}
Aim: a six-headed hydra (heavily wounded)
You throw a large rock {!d}.
The large rock {!d} hits the six-headed hydra but does no damage.
You block the six-headed hydra's attack. x2
The six-headed hydra bites you! x2; The six-headed hydra bites you.
The six-headed hydra barely misses you.
The six-headed hydra bites you but does no damage.
The six-headed hydra bites you.
The six-headed hydra bites you but does no damage.
The six-headed hydra bites you!
* * * LOW HITPOINT WARNING * * *
The six-headed hydra bites you!
* * * LOW HITPOINT WARNING * * *
The six-headed hydra misses you.
You take 52 damage, and have 19/97 hp.
MASSIVE DAMAGE!!
Throwing (i - inventory)
x - 6 large rocks (quivered)
{!d}
Aim: a six-headed hydra (moderately wounded)
You throw a large rock {!d}.
The large rock {!d} hits the six-headed hydra!!
The six-headed hydra bites you but does no damage.
You block the six-headed hydra's attack.
The six-headed hydra bites you.
* * * LOW HITPOINT WARNING * * *
The six-headed hydra bites you.
* * * LOW HITPOINT WARNING * * *
The six-headed hydra bites you.
* * * LOW HITPOINT WARNING * * *
You block the six-headed hydra's attack.
You take 10 damage, and have 9/97 hp.
Unknown command.
Throwing (i - inventory)
x - 5 large rocks (quivered)
{!d}
Aim: a six-headed hydra (severely wounded)
You throw a large rock {!d}.
The large rock {!d} hits the six-headed hydra but does no damage.
The six-headed hydra bites you but does no damage. x2
The six-headed hydra bites you!
You die...

.....###...........
.....P#............
...................##
#.................#.##
##.......... ..#...###
##......... #.#..#.# #
#........P ###....##
####........ ##.D....#
........P...###.@.....#
..##...##............##
..###...###.......##.#####
.#.#...## #....########..#
.......# ##...#.#PP....###
>......# #..###.......#.#
..##...# #.............##
.#.#...## ##..........###
..##....# ##...##.##.##


You could see a six-headed hydra.

Vanquished Creatures
  Fannar (Lair:1)
  A black mamba (Lair:3)
  2 spiny frogs (Lair:2)
  Prince Ribbit (D:8)
  5 blink frogs (Lair:3)
  6 hippogriffs
  A spriggan (D:8)
  18 yaks
  A basilisk (Lair:3)
  Grum (D:8)
  Eustachio (D:6)
  Edmund (D:6)
  Menkaure (D:7)
  6 water moccasins
  Duvessa (D:7)
  2 porcupines
  7 orc warriors
  2 sky beasts
  An ice beast (D:9)
  A hornet zombie (D:6)
  4 phantoms
  An ogre (D:10)
  2 necrophages
  6 centaurs
  8 wolves
  8 crocodiles
  5 big kobolds
  5 bullfrogs
  Dowan (D:7)
  8 scorpions
  A water moccasin skeleton (D:9)
  A wight (D:10)
  4 howler monkeys
  2 crimson imps
  A quasit (D:7)
  3 hounds
  A centaur skeleton (D:5)
  A gnoll shaman (D:7)
  5 orc priests
  2 iguanas
  A bullfrog skeleton (D:10)
  12 orc wizards
  10 worker ants
  A killer bee zombie (D:5)
  A worker ant zombie (D:9)
  18 gnolls
  11 adders
  4 shadow imps
  2 oozes
  3 adder skeletons
  5 worms
  3 dart slugs
  4 leopard geckos
  51 orcs
  6 bats
  12 giant cockroaches
  5 goblins
  5 hobgoblins
  16 jackals
  54 kobolds
  5 quokkas
  2 ball pythons (D:2)
  2 frilled lizards
  A quokka zombie (D:7)
  8 rats
371 creatures vanquished.

Notes
Turn   | Place    | Note
-------+----------+-------------------------------------------
     0 | D:1      | Firecrotchwizard the Troll Fighter began the quest for the
                  | Orb.
     0 | D:1      | Reached XP level 1. HP: 22/22 MP: 0/0
   161 | D:1      | Reached XP level 2. HP: 29/29 MP: 1/1
   738 | D:2      | Reached skill level 3 in Unarmed Combat
   738 | D:2      | Reached XP level 3. HP: 34/36 MP: 2/2
   817 | D:2      | Found a deep blue altar of Sif Muna.
  1292 | D:2      | Reached skill level 3 in Shields
  1480 | D:2      | Reached XP level 4. HP: 41/44 MP: 3/3
  1577 | D:3      | Found a shattered altar of Ashenzari.
  1588 | D:3      | Found a burning altar of Makhleb.
  1631 | D:3      | Reached skill level 4 in Unarmed Combat
  2085 | D:3      | Noticed a phantom
  2126 | D:3      | Killed a phantom
  2126 | D:3      | Reached XP level 5. HP: 45/50 MP: 4/4
  2145 | D:3      | Found an opulent altar of Gozag.
  2200 | D:3      | Reached skill level 5 in Unarmed Combat
  2244 | D:3      | Reached XP level 6. HP: 53/59 MP: 5/5
  2281 | D:3      | Reached skill level 4 in Shields
  2289 | D:3      | Reached skill level 6 in Unarmed Combat
  2335 | D:3      | Reached XP level 7. HP: 47/66 MP: 6/6
  2978 | D:4      | Reached skill level 7 in Unarmed Combat
  3028 | D:4      | Found a staircase to the Ecumenical Temple.
  3035 | Temple   | Entered the Ecumenical Temple
  3935 | D:5      | Entered Level 5 of the Dungeon
  4078 | D:5      | Reached skill level 5 in Shields
  4118 | D:5      | Reached XP level 8. HP: 70/74 MP: 7/7
  4123 | D:5      | Found a shimmering altar of Xom.
  4276 | D:5      | Reached skill level 8 in Unarmed Combat
  4455 | D:5      | Found a glowing silver altar of Zin.
  4656 | D:6      | Noticed Eustachio
  4667 | D:6      | Killed Eustachio
  5003 | D:6      | Noticed Edmund
  5010 | D:6      | Killed Edmund
  5010 | D:6      | Reached skill level 9 in Unarmed Combat
  5065 | D:6      | Found an iron altar of Okawaru.
  5071 | D:6      | Became a worshipper of Warmaster Okawaru
  5332 | D:6      | Reached skill level 6 in Shields
  5678 | D:7      | Noticed a red ugly thing
  5679 | D:7      | Found a transporter.
  5679 | D:7      | Noticed a brown ugly thing
  5680 | D:7      | Found a transporter.
  5680 | D:7      | Found a corrupted altar of Lugonu.
  5680 | D:7      | Noticed a purple ugly thing
  5706 | D:7      | Reached XP level 9. HP: 65/80 MP: 8/8
  5824 | D:7      | Reached skill level 10 in Unarmed Combat
  5885 | D:7      | Noticed Dowan
  5885 | D:7      | Noticed Duvessa
  5903 | D:7      | Killed Duvessa
  5903 | D:7      | Reached * piety under Okawaru
  5904 | D:7      | Killed Dowan
  5948 | D:7      | Noticed Menkaure
  5971 | D:7      | Killed Menkaure
  6300 | D:7      | Found Ipnogge's Gadget Emporium.
  6551 | D:8      | Reached skill level 11 in Unarmed Combat
  6582 | D:8      | Reached skill level 7 in Shields
  6698 | D:8      | Reached ** piety under Okawaru
  6717 | D:8      | Found a runed gate.
  6717 | D:8      | Found a runed gate.
  6717 | D:8      | Found a runed gate.
  6717 | D:8      | Noticed russianmonk1111's ghost (novice OgHu)
  6742 | D:8      | Found a viscous altar of Jiyva.
  6877 | D:8      | Noticed Prince Ribbit
  6932 | D:8      | Noticed Grum
  6957 | D:8      | Killed Prince Ribbit
  6957 | D:8      | Reached XP level 10. HP: 76/88 MP: 6/9
  7102 | D:8      | Reached *** piety under Okawaru
  7108 | D:8      | Reached skill level 12 in Unarmed Combat
  7109 | D:8      | Found Suoror's Weapon Shop.
  7113 | D:8      | Killed Grum
  7159 | D:8      | Found a stormy altar of Qazlal.
  7657 | D:9      | Reached skill level 1 in Throwing
  7885 | D:9      | Reached skill level 8 in Shields
  7932 | D:9      | Reached skill level 2 in Throwing
  7999 | D:9      | Found a staircase to the Lair.
  8154 | D:9      | Found a staircase to the Orcish Mines.
  8222 | D:9      | Noticed an orange crystal statue
  8483 | D:10     | Entered Level 10 of the Dungeon
  8497 | D:10     | Reached skill level 3 in Throwing
  8579 | D:10     | Reached **** piety under Okawaru
  9316 | Lair:1   | Entered Level 1 of the Lair of Beasts
  9316 | Lair:1   | Noticed Fannar
  9323 | Lair:1   | Killed Fannar
  9323 | Lair:1   | Reached skill level 4 in Throwing
  9325 | Lair:1   | Reached skill level 9 in Shields
  9483 | Lair:1   | Received a gift from Okawaru
  9596 | Lair:1   | Reached skill level 5 in Throwing
  9596 | Lair:1   | Reached XP level 11. HP: 90/94 MP: 10/10
  9716 | Lair:1   | Reached ***** piety under Okawaru
 10390 | Lair:2   | Reached skill level 3 in Fighting
 10402 | Lair:2   | Reached skill level 1 in Invocations
 10411 | Lair:2   | Received a gift from Okawaru
 10613 | Lair:2   | Reached skill level 2 in Invocations
 11081 | Lair:2   | Reached skill level 3 in Invocations
 11385 | Lair:3   | Found a hole to the Spider Nest.
 11632 | Lair:3   | Reached skill level 10 in Shields
 11663 | Lair:3   | Reached skill level 4 in Invocations
 11670 | Lair:3   | Received a gift from Okawaru
 11733 | Lair:3   | HP: 20/97 [basilisk (5)]
 11741 | Lair:3   | HP: 7/97 [crocodile (11)]
 11768 | Lair:3   | Reached skill level 5 in Invocations
 11770 | Lair:3   | HP: 24/97 [crocodile (1)]
 11980 | Lair:3   | Found a staircase to the Shoals.
 12179 | Lair:3   | Reached skill level 6 in Invocations
 12400 | Lair:3   | Noticed a six-headed hydra
 12407 | Lair:3   | HP: 19/97 [six-headed hydra (9)]
 12408 | Lair:3   | HP: 9/97 [six-headed hydra (5)]
 12409 | Lair:3   | Slain by a six-headed hydra

Vault maps used:
D:1:      dpeg_arrival_leaves_temple_mockup
D:2:      lemuel_doored_altar, first_ration
D:3:      minmay_goblin_kobold_castle, lemuel_round_altar,
          amethyst_overflow_temple_binary, minmay_misc_feat_four_crosses,
          minivault_25
D:4:      minmay_temple_entry_gardened_gates
D:5:      zin_treasury, xom_butterflies, minmay_door_square, serial_park_tiny_2
D:6:      okawaru_metal_pillars_1_2, uniq_eustachio, uniq_edmund
D:7:      gammafunk_corrupted_shrine, serial_shops, shop, uniq_menkaure,
          uniq_duvessa, uniq_crazy_yiuf_cottage
D:8:      nicolae_qazlal_eye_of_the_storm, serial_shops, shop,
          gammafunk_ghost_ooze, the_bakery, uniq_prince_ribbit1, uniq_grum
D:9:      minmay_statue_hallways, dpeg_oklobed_lair, david_orc_4,
          skrybe_limestone_x, grunt_ministairs_5, hangedman_abyss_or_decor_slice
D:10:     kennysheep_generic_room_8
Temple:   nicolae_temple_great_sept
Lair:1:   uniq_fannar
Lair:3:   minmay_shoals_entry_centaurs, nicolae_spider_entry_non_spiders,
          grunt_megastairs_1

Skill      XL: |  1  2  3  4  5  6  7  8  9 10 11 |
---------------+----------------------------------+-----
Unarmed Combat | 3 4 5 6 7 9 11 12 | 12.3
Shields        | 3 4 5 6 7 9 10 | 10.0
Throwing       | 5 |  5.0
Fighting       | 3 |  3.0
Invocations    | 6 |  6.9
Dodging        | |  2.4

Action                   |  1- 3 |  4- 6 |  7- 9 | 10-12 || total
-------------------------+-------+-------+-------+-------++-------
Melee: Unarmed           |    98 |   155 |   525 |   444 ||  1222
Throw: Large rock        |       |       |       |     6 ||     6
Invok: Heroism           |       |       |     3 |     9 ||    12
  Use: Scroll            |       |       |    13 |     7 ||    20
 Stab: Sleeping          |       |       |     1 |       ||     1
  Eat: Chunk             |    19 |     8 |    42 |    50 ||   119
Armor: Robe              |    28 |    56 |    88 |    87 ||   259
Dodge: Dodged            |    19 |    58 |   149 |   115 ||   341
Block: Shield            |    38 |    75 |   230 |   200 ||   543

Table legend:
 A = Non-vault XP
 B = Vault XP
 C = Vault XP percentage of total XP
 D = Non-vault monster count
 E = Vault monster count
 F = Vault count percentage of total count
                 A         B        C        D         E       F
            +---------+---------+-------+---------+---------+-------
      Total |   15285 |    5227 |  25.5 |     273 |      98 |  26.4
            +---------+---------+-------+---------+---------+-------
        D:1 |      28 |       0 |   0.0 |      12 |       0 |   0.0
        D:2 |      73 |       0 |   0.0 |      19 |       0 |   0.0
        D:3 |     278 |     507 |  64.6 |      48 |      52 |  52.0
        D:4 |     414 |       0 |   0.0 |      33 |       0 |   0.0
        D:5 |     274 |       0 |   0.0 |      14 |       0 |   0.0
        D:6 |     695 |     351 |  33.6 |      22 |       2 |   8.3
        D:7 |    1060 |     388 |  26.8 |      28 |       3 |   9.7
        D:8 |    1389 |    1143 |  45.1 |      21 |       7 |  25.0
        D:9 |     580 |     865 |  59.9 |      12 |      18 |  60.0
       D:10 |     927 |      56 |   5.7 |      14 |       1 |   6.7
     Lair:1 |    2190 |     981 |  30.9 |      14 |       1 |   6.7
     Lair:2 |    2909 |       0 |   0.0 |      14 |       0 |   0.0
     Lair:3 |    4468 |     936 |  17.3 |      22 |      14 |  38.9
            +---------+---------+-------+---------+---------+-------

Vault maps used:
D:1:      dpeg_arrival_leaves_temple_mockup
D:2:      lemuel_doored_altar, first_ration
D:3:      minmay_goblin_kobold_castle, lemuel_round_altar,
          amethyst_overflow_temple_binary, minmay_misc_feat_four_crosses,
          minivault_25
D:4:      minmay_temple_entry_gardened_gates
D:5:      zin_treasury, xom_butterflies, minmay_door_square, serial_park_tiny_2
D:6:      okawaru_metal_pillars_1_2, uniq_eustachio, uniq_edmund
D:7:      gammafunk_corrupted_shrine, serial_shops, shop, uniq_menkaure,
          uniq_duvessa, uniq_crazy_yiuf_cottage
D:8:      nicolae_qazlal_eye_of_the_storm, serial_shops, shop,
          gammafunk_ghost_ooze, the_bakery, uniq_prince_ribbit1, uniq_grum
D:9:      minmay_statue_hallways, dpeg_oklobed_lair, david_orc_4,
          skrybe_limestone_x, grunt_ministairs_5, hangedman_abyss_or_decor_slice
D:10:     kennysheep_generic_room_8
Temple:   nicolae_temple_great_sept
Lair:1:   uniq_fannar
Lair:3:   minmay_shoals_entry_centaurs, nicolae_spider_entry_non_spiders,
          grunt_megastairs_1

Table legend:
 A = Turns spent in this place as a percentage of turns spent in the entire game.
 B = Non-inter-level travel turns spent in this place as a percentage of non-inter-level travel turns spent in the entire game.
 C = Inter-level travel turns spent in this place as a percentage of turns spent in this place.
 D = Turns resting spent in this place as a percentage of non-inter-level travel turns spent in this place.
 E = Turns spent auto-exploring this place as a percentage of non-inter-level travel turns spent in this place.
 F = Non-inter-level travel turns spent in this place divided by the number of levels of this place that you've seen.
                   A       B       C       D       E      F
               +-------+-------+-------+-------+-------+----------------------
         Total | 100.0 | 100.0 |   4.1 |   9.2 |  68.2 | 850.4
       Dungeon |  74.4 |  73.8 |   4.9 |   9.0 |  67.5 | 878.1
        Temple |   0.7 |   0.7 |   0.0 |   0.0 |  82.4 |  85.0
          Lair |  24.9 |  25.5 |   1.7 |   9.9 |  70.1 | 1013.0
               +-------+-------+-------+-------+-------+----------------------

Table legend:
 A = Kills in this place as a percentage of kills in entire the game.
 B = Kills by you in this place as a percentage of kills by you in the entire game.
 C = Kills by friends in this place as a percentage of kills by friends in the entire game.
 D = Other kills in this place as a percentage of other kills in the entire game.
 E = Experience gained in this place as a percentage of experience gained in the entire game.
 F = Experience gained in this place divided by the number of levels of this place that you have seen.
                   A       B       C       D       E      F
               +-------+-------+-------+-------+-------+----------------------
         Total | 100.0 | 100.0 |   N/A |   N/A | 100.0 | 1465.1
       Dungeon |  82.5 |  82.5 |   N/A |   N/A |  44.0 | 902.8
          Lair |  17.5 |  17.5 |   N/A |   N/A |  56.0 | 3828.0
               +-------+-------+-------+-------+-------+----------------------
